Get step-by-step instructions on how to execute this build order below. Start the game timer, and the build order will tick by so you can play in parallel with StarCraft on a second screen or mobile device.

Game Time

  0:00

Last Step

  N/A

Next Step

Upcoming Step



Don't want to look back and forth between 2 screens? Try out our Overwolf App, the Spawning Tool Build Advisor to get an in-game overlay with this build!

Complete Build Order

  8  0:00  Drone  
  9  0:14  Drone  
  9  0:17  Drone  
  11  0:28  Overlord  
  11  0:35  Drone  
  12  0:48  Drone x2  
  14  0:54  Drone  
  15  1:15  Hatchery  
  14  1:19  Drone  
  14  1:22  Drone  
  14  1:25  Drone  
  17  1:39  Drone  
  18  1:44  Spawning Pool  
  17  1:48  Extractor, Drone  
  17  1:53  Drone  
  18  2:04  Drone  
  19  2:14  Drone  
  20  2:24  Overlord  
  20  2:30  Queen x2  
  24  2:41  Overlord  
  24  2:42  Drone x2  
  27  2:44  Drone  
  27  2:47  Drone  
  28  2:59  Zergling x4  
  28  3:02  Extractor  
  29  3:06  Spore Crawler  
  29  3:10  Spore Crawler  
  27  3:15  Queen  
  27  3:17  Drone x3  
  27  3:18  Metabolic Boost  
  36  3:27  Drone x3  
  36  3:33  Drone  
  39  3:40  Drone  
  39  3:45  Overlord  
  39  3:57  Overlord  
  39  3:59  Overlord  
  39  4:03  Overlord  
  39  4:06  Queen  
  41  4:10  Zergling x8  
  41  4:11  Zergling x4  
  47  4:27  Hatchery  
  46  4:32  Lair  
  46  4:33  Drone x4  
  46  4:38  Baneling Nest  
  48  4:40  Drone x2  
  48  4:41  Drone  
  51  4:53  Drone x2, Extractor x2  
  51  4:55  Queen  
  53  5:04  Zergling x6  
  56  5:17  Drone  
  56  5:18  Drone x3  
  55  5:29  Zergling x8  
  56  5:38  Drone x3  
  56  5:40  Drone  
  56  5:41  Drone  
  60  5:45  Drone  
  61  5:51  Drone  
  61  5:52  Drone  
  61  5:53  Overseer  
  61  5:56  Hydralisk Den  
  62  5:57  Infestation Pit  
  62  5:58  Evolution Chamber  
  62  5:59  Evolution Chamber  
  62  6:00  Zergling x6  
  61  6:07  Zergling x14  
  65  6:11  Drone  
  65  6:17  Drone x2  
  68  6:20  Drone x3  
  70  6:33  Hatchery  
  68  6:45  Zergling x2  
  68  6:46  Zergling x16  
  76  6:53  Zerg Melee Weapons Level 1, Zerg Ground Armor Level 1  
  76  6:55  Muscular Augments  
  76  6:56  Hive  
  76  6:57  Overlord  
  76  6:59  Pneumatized Carapace  
  70  7:02  Drone x2, Hatchery  
  70  7:07  Drone x3  
  70  7:09  Drone  
  70  7:14  Drone x3  
  73  7:16  Drone  
  73  7:19  Drone x2  
  73  7:22  Drone  
  75  7:34  Drone x5  
  75  7:35  Drone x3  
  81  7:38  Drone x2  
  82  7:48  Overlord x2  
  80  7:53  Drone x3  
  80  7:54  Drone x2  
  85  7:59  Grooved Spines  
  85  8:03  Drone x2  
  85  8:04  Overlord x2  
  87  8:17  Zergling x14  
  79  8:22  Hydralisk x3  
  85  8:29  Hydralisk x3  
  85  8:30  Hydralisk x2  
  85  8:32  Hydralisk  
  85  8:34  Hydralisk  
  97  8:38  Drone x3  
  97  8:39  Drone x2  
  97  8:40  Drone  
  105  8:41  Drone  
  105  8:42  Drone  
  107  8:49  Hydralisk x3  
  107  8:51  Zerg Melee Weapons Level 2  
  113  8:57  Extractor  
  113  8:58  Drone x3  
  115  9:04  Hydralisk x2  
  115  9:06  Zergling x10  
  124  9:13  Overlord x3  
  124  9:14  Overlord x2  
  124  9:19  Extractor  
  124  9:20  Extractor  
  124  9:21  Drone x2  
  123  9:29  Overseer  
  123  9:33  Drone x4  
  123  9:34  Drone x2  
  129  9:43  Zergling x32  
  129  9:44  Zergling x2  
  146  9:48  Infestor x2  
  146  9:52  Drone  
  146  9:54  Unknown  
  146  9:56  Spore Crawler  
  145  10:00  Spine Crawler  
  145  10:06  Hydralisk x6  
  145  10:07  Zergling x2  
  145  10:09  Overlord x4  
  145  10:10  Overlord  
  156  10:16  Overlord x3, Extractor  
  156  10:20  Extractor  
  156  10:21  Drone x2  
  156  10:23  Overlord  
  155  10:30  Baneling x2  
  155  10:31  Baneling x7  
  155  10:32  Baneling x5  
  155  10:39  Zergling x2  
  155  10:40  Zergling x28  
  165  10:49  Zergling x10  
  161  11:01  Zergling x6  
  161  11:02  Zergling x14  
  159  11:10  Zergling x14  
  114  11:25  Hydralisk x8  
  124  11:32  Baneling  
  124  11:33  Baneling x4, Infestor x5  
  124  11:37  Neural Parasite  
  134  11:43  Drone x4  
  134  11:44  Drone  
  132  11:50  Zergling x6, Hatchery  
  123  11:56  Zerg Ground Armor Level 2, Zerg Melee Weapons Level 3  
  123  11:57  Zergling x2  
  123  11:58  Zergling x12  
  123  11:59  Zergling x2  
  131  12:04  Zergling x10  
  131  12:06  Zergling x2  
  137  12:15  Burrow  
  137  12:20  Centrifugal Hooks  
  135  12:27  Zergling x4  
  135  12:28  Zergling x30  
  147  12:42  Baneling x2  
  147  12:43  Baneling  
  147  12:44  Zergling x10  
  147  12:47  Hatchery  
  122  13:00  Hatchery  
  104  13:11  Zergling x34  
  116  13:16  Hydralisk x2  
  116  13:17  Hydralisk x6  
  129  13:20  Baneling  
  129  13:21  Baneling, Hydralisk x2  
  129  13:22  Zergling x4  
  129  13:26  Drone x3  
  138  13:27  Drone x2  
  138  13:28  Drone  
  141  13:38  Baneling x4  
  141  13:42  Hydralisk x6  
  141  13:43  Hydralisk  
  155  13:51  Overlord  
  155  13:53  Hydralisk x4  
  163  13:57  Baneling x8  
  163  13:59  Baneling x4  
  163  14:04  Zergling x2  
  163  14:05  Zergling x10  
  151  14:24  Zergling x30  
  151  14:25  Zergling x8  
  151  14:26  Infestor x2  
  151  14:27  Infestor  
  148  14:43  Hydralisk x8  
  148  14:44  Zergling x4  
  154  14:48  Hydralisk x2  
  154  14:49  Hydralisk  
  150  14:56  Drone x4  
  150  14:57  Drone x4  
  156  15:03  Extractor  
  154  15:11  Baneling x8, Hydralisk x3  
  154  15:14  Hatchery  
  145  15:25  Hydralisk x6  
  145  15:26  Zergling x4  
  134  15:38  Hydralisk x7  
  134  15:39  Zergling x4  
  134  15:40  Zergling x2  
  142  15:47  Hydralisk x3  
  142  15:48  Hydralisk x2  
  142  15:49  Hydralisk  
  154  15:51  Hydralisk  
  156  15:57  Zerg Missile Weapons Level 1, Zerg Ground Armor Level 3  
  156  16:00  Baneling x10  
  156  16:01  Overseer  
  156  16:02  Overseer  
  156  16:03  Overseer x3  
  156  16:11  Hydralisk  
  156  16:12  Hydralisk x4  
  156  16:13  Zergling x4  
  156  16:17  Zergling x2  
  156  16:18  Drone, Zergling x2  
  171  16:22  Nydus Network  
  171  16:24  Nydus Network  
  169  16:30  Zergling x26  
  182  16:33  Drone x4  
  186  16:42  Ultralisk Cavern  
  186  16:43  Zergling x18  
  184  17:03  Drone x3  
  184  17:07  Zergling x12  
  184  17:08  Zergling x20  
  172  17:11  Zergling x2  
  172  17:12  Zergling x10  
  158  17:20  Infestor x4  
  166  17:26  Hydralisk  
  166  17:27  Hydralisk x6  
  179  17:37  Extractor, Baneling  
  179  17:38  Baneling x6, Extractor, Zergling x2  
  179  17:39  Zergling x4  
  177  17:51  Zergling x26  
  147  17:52  Zergling x12  
  147  17:57  Zergling x2  
  147  17:58  Zergling x10  
  161  18:11  Hydralisk  
  161  18:12  Hydralisk x10  
  158  18:18  Nydus Canal  
  141  18:21  Hydralisk x6  
  141  18:22  Zergling x2  
  141  18:23  Zergling x14  
  160  18:27  Zergling x4  
  160  18:28  Zergling x10  
  167  18:36  Nydus Canal, Drone x2  
  167  18:37  Drone  
  167  18:41  Extractor  
  167  18:42  Extractor  
  148  18:49  Hydralisk x7  
  148  18:50  Zergling x2  
  148  18:51  Zergling x16  
  153  19:00  Hydralisk  
  153  19:01  Hydralisk x2  
  153  19:02  Zergling x20  
  163  19:03  Zergling x2  
  163  19:04  Zergling x2  
  165  19:14  Baneling x6  
  165  19:15  Zergling x12  
  165  19:16  Zergling x10  
  176  19:19  Baneling x3  
  176  19:20  Baneling x2  
  176  19:31  Overlord x2  
  176  19:32  Overlord x3  
  176  19:33  Overlord  
  174  19:42  Hydralisk  
  174  19:43  Hydralisk x7  
  174  19:44  Zergling x6  
  169  19:51  Zergling x18  
  169  19:52  Zergling x14  
  151  20:03  Drone x3  
  151  20:04  Drone x3  
  151  20:06  Drone x2  
  157  20:07  Spine Crawler  
  157  20:09  Spine Crawler  
  157  20:10  Spine Crawler  
  157  20:11  Hydralisk x6  
  157  20:13  Zergling x2  
  167  20:15  Baneling x5  
  167  20:16  Baneling x2  
  156  20:31  Hydralisk x2  
  156  20:32  Hydralisk x4  
  167  20:41  Zergling x2  
  167  20:42  Zergling x8  
  165  20:44  Hatchery  
  152  20:54  Hydralisk x5  
  152  20:55  Hydralisk x2  
  152  20:56  Hatchery  
  140  21:10  Hydralisk x5  
  139  21:11  Zergling x2  
  136  21:19  Extractor  
  136  21:20  Nydus Canal, Extractor  
  136  21:25  Zergling x10  
  136  21:29  Zergling x10  
  138  21:37  Extractor  
  132  21:40  Zergling x10  
  132  21:43  Zergling x2  
  132  21:58  Zergling x4  
  132  21:59  Zergling x10  
  137  22:14  Drone  
  137  22:15  Drone x5  
  143  22:20  Hatchery, Baneling x5  
  143  22:22  Baneling x2  
  140  22:23  Baneling  
  140  22:29  Hatchery  
  121  22:54  Drone x6  
  121  22:58  Hatchery  
  125  23:02  Drone x2  
  105  23:26  Hydralisk x6  
  105  23:27  Hydralisk  
  87  23:28  Zergling x4